 Dungeon Crawl Stone Soup version 0.31-a0-1178-gc5c9b8f871 (webtiles) character file.

Game seed: 2486391678208767634

239 qw the Shooter (level 6, 0/37 HPs)
             Began as a Gargoyle Hunter on Dec 11, 2023.
             Slain by Pikel
             ... wielding a +0 whip of freezing
              (5 damage)
             ... on level 4 of the Dungeon.
             The game lasted 00:00:54 (2442 turns).

qw the Shooter (Gargoyle Hunter)                    Turns: 2442, Time: 00:00:55

Health: 0/37       AC:  7    Str: 13    XL:     6   Next: 7%
Magic:  6/6        EV: 12    Int: 12    God:
Gold:   196        SH:  0    Dex: 18    Spells: 5/5 levels left

rFire   + + .        a - +0 shortbow
rCold   + . .        (shield currently unavailable)
rNeg    + . .        d - +1 robe {rC+ rF+}
rPois   inf          (no helmet)
rElec   +            (no cloak)
rCorr   .            (no gloves)
SInv    .            (no boots)
Will    .....        (no amulet)
Stlth   ++           j - ring of protection from fire
HPRegen 0.26/turn    (no ring)
MPRegen 0.10/turn

%: no passive effects
@: no status effects
A: sickness immunity, AC +4, negative energy resistance 1, electricity
resistance, torment resistance 1, petrification resistance, agile 1, clever 1
a: no special abilities


You were on level 4 of the Dungeon.
You visited 1 branch of the dungeon, and saw 4 of its levels.

You collected 221 gold pieces.
You spent 25 gold pieces at shops.


Innate Abilities, Weirdness & Mutations

You are immune to sickness and miasma.
Your stone body is resilient. (AC +4)
You are immune to poison.
You resist negative energy. (rN+)
You are resistant to electric shocks. (rElec)
You are resistant to unholy torment.
You are immune to petrification.
You are agile. (Dex +4, Str/Int -1)
Your mind is acute. (Int +4, Str/Dex -1)


   Skills:
 - Level 3.0 Fighting
 - Level 6.7 Ranged Weapons
 - Level 1.0 Armour
 + Level 1.7 Dodging
 - Level 1.1 Stealth


You had 5 spell levels left.
You didn't know any spells.
Your spell library was empty.

Inventory:

Hand Weapons
 a - a +0 shortbow (weapon)
Armour
 b - a +0 ring mail
 d - a +1 robe of resistance (worn)
Jewellery
 j - a ring of protection from fire (left hand)
Wands
 c - a wand of light (12)
Potions
 f - 2 potions of might
 g - a potion of resistance
 l - a potion of curing

Dungeon Overview and Level Annotations

Branches:
Dungeon (4/15)
 Temple: D:4-7

Altars:
Elyvilon
Trog

Shops:
D:1 [*

Annotations:
D:4 Pikel


Message History

The hobgoblin is heavily wounded.
You shoot an arrow. The arrow closely misses Pikel.
The arrow barely misses the hobgoblin.
You shoot an arrow. The arrow barely misses Pikel.
The arrow closely misses the hobgoblin.
Pikel barely misses you.
Pikel hits you with a +0 whip of freezing.
You shoot an arrow. The arrow barely misses Pikel.
The arrow closely misses the hobgoblin.
Pikel barely misses you.
You shoot an arrow. The arrow hits Pikel.
Pikel is lightly wounded.
Pikel barely misses you.
You shoot an arrow. The arrow hits Pikel!
Pikel is moderately wounded.
Pikel hits you with a +0 whip of freezing!
Pikel freezes you.
You shoot an arrow. The arrow hits Pikel.
Pikel is moderately wounded.
Pikel hits you with a +0 whip of freezing.
You shoot an arrow. The arrow barely misses Pikel.
The arrow barely misses the hobgoblin.
Pikel says, "You'll make a fine lemure."
Pikel hits you but does no damage.
You shoot an arrow.
The arrow hits Pikel but does no damage.
Pikel is moderately wounded.
Pikel closely misses you.
You shoot an arrow. The arrow barely misses Pikel.
The arrow barely misses the hobgoblin.
Pikel hits you with a +0 whip of freezing.
Pikel freezes you.
You shoot an arrow. The arrow hits Pikel.
Pikel is heavily wounded.
Pikel barely misses you.
You shoot an arrow. The arrow hits Pikel.
Pikel is heavily wounded.
Pikel hits you with a +0 whip of freezing.
You die...
Pikel says, "Another soul for the market."

+...~ #~...).#
#...~## ##~...#.#
#...~~###¤¤...#.#
#...~~¤~¤~¤...#.#
#.............#.#
#.............#.#
#.............#.#
#######'#######.#
#@........#
#...5K#......###
#...g5#......#
+....h#......#
##...##.....##
#...##......#
....#..>....#####
.....#....(.##...##
+....[...)..[#


You could see Pikel, 2 lemures, a hound and a hobgoblin.

Vanquished Creatures
  Edmund (D:4)
  2 lemures (D:4)
  An orc wizard (D:4)
  2 adders
  A gnoll (D:1)
  4 dart slugs
  7 orcs
  8 endoplasms
  2 giant cockroaches
  6 hobgoblins
  4 quokkas (D:2)
  2 ball pythons
  2 bats
  3 frilled lizards (D:1)
  3 goblins (D:3)
  4 kobolds
  8 rats
60 creatures vanquished.

Notes
Turn   | Place    | Note
-------+----------+-------------------------------------------
     0 | D:1      | qw the Gargoyle Hunter began the quest for the Orb.
     0 | D:1      | Reached XP level 1. HP: 12/12 MP: 1/1
     0 | D:1      | 0 ||| qw: Version: 0.3-a-106-g2cfff9e
     0 | D:1      | 0 ||| qw: Game counter: 2041
     0 | D:1      | 0 ||| qw: Melee chars always use a shield: true
     0 | D:1      | 0 ||| qw: God list: Okawaru
     0 | D:1      | 0 ||| qw: Allow faded altars: false
     0 | D:1      | 0 ||| qw: Do Orc after clearing Dungeon:15 true
     0 | D:1      | 0 ||| qw: Do second Lair branch before Depths: true
     0 | D:1      | 0 ||| qw: Lair rune preference: random
     0 | D:1      | 0 ||| qw: Goals: Normal, Save, Zot:1-4, Win
     0 | D:1      | 0 ||| PLANNING D:1-11
    11 | D:1      | Found Morenaf's Armour Boutique.
    14 | D:1      | 14 ||| SHOPLISTING +0 pair of boots of rampaging (138 gold,
                  | have 0).
    14 | D:1      | 14 ||| SHOPLISTING +6 acid dragon scales "Muumaon" {+Inv
                  | rCorr} (1008 gold, have 0).
   138 | D:1      | Reached XP level 2. HP: 9/17 MP: 2/2
   289 | D:1      | Found Fyvuuba's Assorted Antiques.
   300 | D:1      | 300 ||| SHOPLISTING 3 scrolls labelled XYFUBY HAKO (75
                  | gold, have 69).
   300 | D:1      | 300 ||| SHOPLISTING ring mail (100 gold, have 69).
   300 | D:1      | 300 ||| BUYING scroll labelled XYFUBY HAKO (25 gold).
   300 | D:1      | Bought a scroll labelled XYFUBY HAKO for 25 gold pieces
   300 | D:1      | 300 ||| SHOPLISTING twisted orcbow (212 gold, have 44).
   537 | D:1      | Reached XP level 3. HP: 21/21 MP: 3/3
   566 | D:1      | Reached skill level 5 in Ranged Weapons
   689 | D:1      | 689 ||| DROPPING amulet of magic regeneration.
   690 | D:1      | 690 ||| DROPPING ring of wizardry.
   691 | D:1      | 691 ||| UPGRADING to ring of protection from fire.
   692 | D:1      | 692 ||| READING scroll labelled ULAATOESTEW.
   693 | D:1      | 693 ||| READING scroll labelled KIKEOM AQIA.
   697 | D:1      | 697 ||| READING 2 scrolls labelled XYFUBY HAKO.
   697 | D:1      | 697 ||| IDENTIFYING coppery potion
   698 | D:1      | 698 ||| READING scroll of identify.
   698 | D:1      | 698 ||| IDENTIFYING golden potion
   699 | D:1      | 699 ||| DROPPING scroll of butterflies.
   700 | D:1      | 700 ||| DROPPING potion of invisibility.
   968 | D:2      | Found a faded altar of an unknown god.
  1130 | D:2      | Reached skill level 3 in Fighting
  1305 | D:2      | 1305 ||| UPGRADING to +0 ring mail.
  1315 | D:2      | 1315 ||| DROPPING +0 leather armour.
  1316 | D:2      | 1316 ||| READING scroll of identify.
  1316 | D:2      | 1316 ||| IDENTIFYING fizzy yellow potion
  1317 | D:2      | 1317 ||| READING scroll labelled VIETIN FU LAZA.
  1318 | D:2      | 1318 ||| READING scroll labelled CEGAJU IKENLEC.
  1387 | D:3      | Reached skill level 1 in Armour
  1387 | D:3      | Reached XP level 4. HP: 25/28 MP: 4/4
  1563 | D:3      | Found a bloodstained altar of Trog.
  1941 | D:3      | Found a white marble altar of Elyvilon.
  2150 | D:3      | 2150 ||| UPGRADING to +1 robe of resistance.
  2160 | D:3      | 2160 ||| READING scroll of identify.
  2160 | D:3      | 2160 ||| IDENTIFYING fuming yellow potion
  2161 | D:3      | 2161 ||| DRINKING 2 fuming green potions.
  2161 | D:3      | Gained mutation: Your body sometimes deteriorates upon
                  | taking damage. [potion of mutation]
  2161 | D:3      | Gained mutation: You are occasionally teleported next to
                  | monsters. [potion of mutation]
  2162 | D:3      | 2162 ||| DRINKING potion of mutation.
  2162 | D:3      | Lost mutation: You are occasionally teleported next to
                  | monsters. [potion of mutation]
  2162 | D:3      | Lost mutation: Your body sometimes deteriorates upon taking
                  | damage. [potion of mutation]
  2162 | D:3      | Gained mutation: Your mind is acute. (Int +4, Str/Dex -1)
                  | [potion of mutation]
  2162 | D:3      | Gained mutation: You are agile. (Dex +4, Str/Int -1)
                  | [potion of mutation]
  2219 | D:4      | Reached XP level 5. HP: 31/32 MP: 5/5
  2245 | D:4      | Noticed Edmund
  2258 | D:4      | HP: 1/32 [Edmund/+1 heavy dire flail (11)]
  2262 | D:4      | Killed Edmund
  2263 | D:4      | Reached skill level 6 in Ranged Weapons
  2263 | D:4      | Reached XP level 6. HP: 2/37 MP: 6/6
  2409 | D:4      | Noticed Pikel
  2410 | D:4      | 2410 ||| RETREEAATING.
  2436 | D:4      | HP: 9/37 [Pikel/+0 whip of freezing (2)]
  2440 | D:4      | HP: 4/37 [Pikel/+0 whip of freezing (1)]
  2442 | D:4      | Slain by Pikel

Levels and vault maps discovered:
D:1:      dpeg_arrival_ratfight, layout_loops_cross, serial_shops,
          nicolae_shop_crystal, nicolae_shop_behind_doors
D:2:      layout_loops_ring, hellmonk_ecumenical_altar_lost_god
D:3:      layout_basic, mainiacjoe_overflow_alcove_2, trog_three_pillars_becter
D:4:      layout_gridville, temple_statues, kennysheep_path_1, minmay_ruptured,
          uniq_crazy_yiuf_cottage, uniq_edmund, uniq_pikel

Skill      XL: |  1  2  3  4  5 |
---------------+----------------+-----
Ranged Weapons | 5 6 |  6.7
Fighting       | 3 |  3.0
Armour         | 1 |  1.0
Dodging        | |  1.7
Stealth        | |  1.1

Action                     |  1- 3 |  4- 6 || total
---------------------------+-------+-------++-------
   Fire: Shortbow          |    97 |   110 ||   207
    Use: Scroll            |     7 |     1 ||     8
         Potion            |       |     2 ||     2
 Armour: Leather armour    |    10 |       ||    10
         Ring mail         |     4 |     8 ||    12
         Robe              |       |    25 ||    25
  Dodge: Dodged            |    13 |    36 ||    49

Table legend:
 A = Non-vault XP
 B = Vault XP
 C = Vault XP percentage of total XP
 D = Non-vault monster count
 E = Vault monster count
 F = Vault count percentage of total count
                 A         B        C        D         E       F
            +---------+---------+-------+---------+---------+-------
      Total |     173 |     169 |  49.4 |      52 |       6 |  10.3
            +---------+---------+-------+---------+---------+-------
        D:1 |      41 |       5 |  10.9 |      17 |       5 |  22.7
        D:2 |      25 |       0 |   0.0 |      13 |       0 |   0.0
        D:3 |      44 |       0 |   0.0 |      15 |       0 |   0.0
        D:4 |      63 |     164 |  72.2 |       7 |       1 |  12.5
            +---------+---------+-------+---------+---------+-------
